 Dungeon Crawl Stone Soup version 0.24.0-35-gdb84b6a5db (webtiles) character file.

Game seed: 519849726215064409, levelgen mode: deterministic

39 grindst0ne the Sneak (level 3, 0/21 HPs)
             Began as a Kobold Assassin on Nov 18, 2019.
             Was an Initiate of Okawaru.
             Succumbed to an adder's poison
             ... on level 2 of the Dungeon.
             The game lasted 00:03:53 (1059 turns).

grindst0ne the Sneak (Kobold Assassin)              Turns: 1059, Time: 00:03:54

Health: 0/21       AC:  3    Str:  8    XL:     3   Next: 70%
Magic:  3/3        EV: 14    Int: 13    God:    Okawaru [......]
Gold:   94         SH:  0    Dex: 16    Spells: 2/2 levels left

rFire    . . .     SeeInvis .   a - +2 dagger
rCold    . . .     Gourm    .   (shield restricted)
rNeg     . . .     Faith    .   b - +0 robe
rPois    .         Spirit   .   (no helmet)
rElec    .         Reflect  .   c - +0 cloak
rCorr    .         Harm     .   (no gloves)
MR       .....                  (no boots)
Stlth    ++++......             (no amulet)
HPRegen  0.07/turn              (no ring)
MPRegen  0.08/turn              (no ring)

@: lethally poisoned (0 -> -2), berserk cooldown, slowed, invisible, very slow
A: small, carnivore
a: Renounce Religion


You were on level 2 of the Dungeon.
You worshipped Okawaru.
Okawaru was noncommittal.
You were very full.

You visited 1 branch of the dungeon, and saw 4 of its levels.

You collected 94 gold pieces.

Inventory:

Hand Weapons
 a - a +2 dagger (weapon)
Missiles
 d - 28 poisoned darts (quivered)
 e - 2 curare-tipped darts
 g - 3 atropa-tipped darts
Armour
 b - a +0 robe (worn)
 c - a +0 cloak (worn)
 p - a +0 shield
Scrolls
 k - a scroll of identify {unknown}
 o - 2 scrolls of magic mapping {unknown}
 r - a scroll of enchant armour {unknown}
Potions
 i - a potion of berserk rage
 l - a potion of curing {unknown}
 m - a potion of resistance {unknown}
 n - a potion of lignification {unknown}
 s - a potion of mutation {unknown}
Comestibles
 f - a ration


   Skills:
 - Level 2.1 Fighting
 - Level 3.0 Short Blades
 - Level 2.2 Throwing
 - Level 1.3 Dodging
 + Level 6.8 Stealth


You had 2 spell levels left.
You didn't know any spells.
Your spell library was empty.

Dungeon Overview and Level Annotations

Branches:
Dungeon (4/15)
 Temple: D:4-7

Altars:
Gozag
Okawaru


Innate Abilities, Weirdness & Mutations

You are small and have problems with some larger weapons.
You are carnivorous and can eat meat at any time.


Message History

Unknown command.
You are too berserk!
You are too berserk!
You are too berserk!
You are too berserk!
You are too berserk!
You are too berserk!
You are too berserk!
You are too berserk!
You are too berserk!
You are too berserk!
You are too berserk!
You are too berserk!
You feel a strong urge to attack something.
You are no longer berserk.
You are exhausted.
You feel yourself slow down.
It was a potion of invisibility.
You fade into invisibility!
You die...

#########
#.......#
#.......#
#.......#######
####.......#......
+@.).......+......
####.......#.....
#.......#...#
#.......#...###
+$.........g...
#########...#..
#......#..
#......#..
#......#..


There were no monsters in sight!

Vanquished Creatures
  An adder (D:2)
  A dart slug (D:1)
  A leopard gecko (D:1)
  2 ball pythons (D:1)
  A giant cockroach (D:1)
  5 goblins
  3 hobgoblins
  2 jackals (D:3)
  A kobold (D:1)
  3 bats (D:1)
  6 rats (D:1)
26 creatures vanquished.

Notes
Turn   | Place    | Note
-------+----------+-------------------------------------------
     0 | D:1      | grindst0ne the Kobold Assassin began the quest for the Orb.
     0 | D:1      | Reached XP level 1. HP: 12/12 MP: 1/1
   164 | D:1      | Reached XP level 2. HP: 17/17 MP: 2/2
   398 | D:1      | Reached skill level 6 in Stealth
   418 | D:1      | Reached XP level 3. HP: 7/21 MP: 3/3
   951 | D:2      | You fall into a shaft and drop 2 floors!
   951 | D:4      | Found an opulent altar of Gozag.
  1016 | D:3      | Found an iron altar of Okawaru.
  1023 | D:3      | Became a worshipper of Warmaster Okawaru
  1055 | D:2      | HP: 1/31 [poisoned by an adder]
  1059 | D:2      | Succumbed to an adder's poison

Levels and vault maps discovered:
D:1:      dpeg_arrival_rhombus, layout_rooms, minmay_bisected
D:2:      layout_basic, marbit_many_paths
D:3:      layout_basic, lemuel_coloured_pillars_altar, lemuel_doored_altar,
          grunt_dithmenos_smoke_and_mirrors, st_stairs_5,
          okawaru_metal_pillars_1_2, uniq_terence
D:4:      layout_rooms, nicolae_overflow_hidden_temple, grunt_gozag_statues,
          first_ration, serial_shops, shop, hangedman_decor_growths,
          fedhas_altar_4, uniq_crazy_yiuf_cottage, uniq_menkaure

Skill      XL: |  1  2 |
---------------+-------+-----
Short Blades   | 3 |  3.0
Stealth        | 6 |  6.8
Fighting       | |  2.1
Throwing       | |  2.2
Dodging        | |  1.3

Action                   || total
-------------------------++-------
Melee: Dagger            ||    97
  Use: Potion            ||     3
 Stab: Sleeping          ||     8
  Eat: Chunk             ||     8
Armor: Robe              ||    15
Dodge: Dodged            ||    53
